| TOP OF THE 1ST |
|
Los Angeles Dodgers batting - Pitching for Washington Nationals : RHP Chad Mangum
|
|
Pitching: RHP Chad Mangum
|
|
|
Batting: SHB Joel Baker
|
0-0: Swinging Strike 0-1: Ball 1-1: Foul Ball, location: 2F 1-2: Ground out 3-1 (Groundball, 34, EV 100.0 MPH)
|
|
Batting: RHB Tsutomu Irie
|
0-0: Swinging Strike 0-1: Ball 1-1: Ball 2-1: Fly out, F3 (Popup, 34, EV 68.1 MPH)
|
|
Batting: SHB Shane Marcum
|
0-0: Ball 1-0: Ball 2-0: Ball 3-0: Base on Balls
|
|
Batting: LHB Juan Concepcion
|
0-0: Ball 1-0: Foul Ball, location: 2F 1-1: Ball 2-1: Foul Ball, location: 2F 2-2: Foul Ball, location: 2F 2-2: Ball 3-2: Ground out 4-3 (Groundball, 34, EV 79.4 MPH)
|
| Top of the 1st over - 0 runs, 0 hits, 0 errors, 1 left on base; Los Angeles 0 - Washington 0 |
| BOTTOM OF THE 1ST |
|
Washington Nationals batting - Pitching for Los Angeles Dodgers : RHP Gyu-hyun Kim
|
|
Pitching: RHP Gyu-hyun Kim
|
|
|
Batting: LHB Bi-jun Chien
|
0-0: Ball 1-0: Swinging Strike 1-1: Ball 2-1: Foul Ball, location: 2F 2-2: Foul Ball, location: 2F 2-2: Fly out, F7 (Flyball, 78M, EV 91.2 MPH)
|
|
Batting: RHB Dave Vargas
|
0-0: Ball 1-0: Ground out 4-3 (Groundball, 4, EV 86.2 MPH)
|
|
Batting: LHB Seth Cook
|
0-0: Ball 1-0: Swinging Strike 1-1: Swinging Strike 1-2: Strikes out swinging
|
| Bottom of the 1st over - 0 runs, 0 hits, 0 errors, 0 left on base; Los Angeles 0 - Washington 0 |
| TOP OF THE 2ND |
|
Los Angeles Dodgers batting - Pitching for Washington Nationals : RHP Chad Mangum
|
|
Batting: LHB Stephen Van Raalte
|
0-0: Called Strike 0-1: Foul Ball, location: 2F 0-2: Ball 1-2: Foul Ball, location: 2F 1-2: Ball 2-2: Fly out, F8 (Flyball, 89M, EV 82.5 MPH)
|
|
Batting: RHB Danny Dyer
|
0-0: Foul Ball, location: 2F 0-1: Ball 1-1: Ball 2-1: Foul Ball, location: 2F 2-2: Ball 3-2: Foul Ball, location: 2F 3-2: Ground out 6-3 (Groundball, 56D, EV 83.1 MPH)
|
|
Batting: RHB Tim Nettles
|
0-0: Ground out 4-3 (Groundball, 4, EV 86.9 MPH)
|
| Top of the 2nd over - 0 runs, 0 hits, 0 errors, 0 left on base; Los Angeles 0 - Washington 0 |
| BOTTOM OF THE 2ND |
|
Washington Nationals batting - Pitching for Los Angeles Dodgers : RHP Gyu-hyun Kim
|
|
Batting: RHB John Sanders
|
0-0: Ground out 5-3 (Groundball, 56S, EV 90.6 MPH)
|
|
Batting: LHB Jeff Luvisi
|
0-0: Ball 1-0: Fly out, F3 (Line Drive, 34, EV 68.1 MPH)
|
|
Batting: SHB Tze-meng Gan
|
0-0: Ball 1-0: Ball 2-0: Foul Ball, location: 2F 2-1: Swinging Strike 2-2: Foul Ball, location: 2F 2-2: Ground out 5-3 (Groundball, 5, EV 108.8 MPH)
|
| Bottom of the 2nd over - 0 runs, 0 hits, 0 errors, 0 left on base; Los Angeles 0 - Washington 0 |
| TOP OF THE 3RD |
|
Los Angeles Dodgers batting - Pitching for Washington Nationals : RHP Chad Mangum
|
|
Batting: RHB Ben Mischnick
|
0-0: Swinging Strike 0-1: Called Strike 0-2: Foul Ball, location: 2F 0-2: Strikes out looking
|
|
Batting: RHB Leonardo Nava
|
0-0: Called Strike 0-1: Swinging Strike 0-2: DOUBLE (Line Drive, 78D, EV 100.0 MPH)
|
|
Batting: SHB Joel Baker
|
0-0: Ball 1-0: Ball 2-0: Called Strike 2-1: Ball 3-1: Base on Balls
|
|
Batting: RHB Tsutomu Irie
|
0-0: SINGLE (Line Drive, 34D, EV 103.8 MPH) Leonardo Nava to third Joel Baker to second
|
|
Batting: SHB Shane Marcum
|
0-0: Fly out, F8 (Flyball, 8LD, EV 91.9 MPH)
|
|
Batting: LHB Juan Concepcion
|
0-0: Called Strike 0-1: Hit by Pitch Leonardo Nava scores Joel Baker to third Tsutomu Irie to second
|
|
Batting: LHB Stephen Van Raalte
|
0-0: Called Strike 0-1: Swinging Strike 0-2: Strikes out looking
|
| Top of the 3rd over - 1 run, 2 hits, 0 errors, 3 left on base; Los Angeles 1 - Washington 0 |
| BOTTOM OF THE 3RD |
|
Washington Nationals batting - Pitching for Los Angeles Dodgers : RHP Gyu-hyun Kim
|
|
Batting: LHB Bob Melley
|
0-0: Foul Ball, location: 2F 0-1: Ground out 6-3 (Groundball, 6, EV 86.9 MPH)
|
|
Batting: RHB Dan Fallon
|
0-0: Ball 1-0: Fly out, F2 (Popup, 25F, EV 80.6 MPH)
|
|
Batting: RHB Darren McCarty Jr.
|
0-0: Called Strike 0-1: Foul Ball, location: 2F 0-2: Foul Ball, location: 2F 0-2: Ball 1-2: Foul Ball, location: 2F 1-2: Ball 2-2: Strikes out swinging
|
| Bottom of the 3rd over - 0 runs, 0 hits, 0 errors, 0 left on base; Los Angeles 1 - Washington 0 |
| TOP OF THE 4TH |
|
Los Angeles Dodgers batting - Pitching for Washington Nationals : RHP Chad Mangum
|
|
Batting: RHB Danny Dyer
|
0-0: Fly out, F8 (Flyball, 89D, EV 109.4 MPH)
|
|
Batting: RHB Tim Nettles
|
0-0: Called Strike 0-1: Swinging Strike 0-2: Foul Ball, location: 2F 0-2: Strikes out swinging, 2-3 out at first.
|
|
Batting: RHB Ben Mischnick
|
0-0: Called Strike 0-1: SINGLE (Groundball, 56D, EV 85.6 MPH) (infield hit)
|
|
Batting: RHB Leonardo Nava
|
0-0: Ball 1-0: Ball 2-0: Ball 3-0: Called Strike 3-1: Called Strike 3-2: Fly out, F7 (Flyball, 7LSF, EV 88.8 MPH)
|
| Top of the 4th over - 0 runs, 1 hit, 0 errors, 1 left on base; Los Angeles 1 - Washington 0 |
| BOTTOM OF THE 4TH |
|
Washington Nationals batting - Pitching for Los Angeles Dodgers : RHP Gyu-hyun Kim
|
|
Batting: LHB Bi-jun Chien
|
0-0: Called Strike 0-1: Called Strike 0-2: Foul Ball, location: 2F 0-2: Ball 1-2: Strikes out swinging
|
|
Batting: RHB Dave Vargas
|
0-0: Ball 1-0: Called Strike 1-1: Foul Ball, location: 2F 1-2: SINGLE (Groundball, 6MD, EV 99.4 MPH)
|
|
Batting: LHB Seth Cook
|
0-0: Fly out, F5 (Popup, 56, EV 63.1 MPH)
|
|
Batting: RHB John Sanders
|
0-0: SINGLE (Line Drive, 34D, EV 101.2 MPH) Dave Vargas to second
|
|
Batting: LHB Jeff Luvisi
|
0-0: Ball 1-0: Foul Ball, location: 2F 1-1: Ground out U3 (Groundball, 3S, EV 95.0 MPH)
|
| Bottom of the 4th over - 0 runs, 2 hits, 0 errors, 2 left on base; Los Angeles 1 - Washington 0 |
| TOP OF THE 5TH |
|
Los Angeles Dodgers batting - Pitching for Washington Nationals : RHP Chad Mangum
|
|
Batting: SHB Joel Baker
|
0-0: Foul Ball, location: 2F 0-1: Fly out, F8 (Line Drive, 78D, EV 95.0 MPH)
|
|
Batting: RHB Tsutomu Irie
|
0-0: Called Strike 0-1: Swinging Strike 0-2: Ball 1-2: Strikes out swinging
|
|
Batting: SHB Shane Marcum
|
0-0: Called Strike 0-1: DOUBLE (Line Drive, 3D, EV 96.9 MPH)
|
|
Batting: LHB Juan Concepcion
|
0-0: SINGLE (Line Drive, 8LS, EV 104.4 MPH) Shane Marcum to third Runner from 3rd tries for Home, SAFE, throw by CF to home
|
|
Batting: LHB Stephen Van Raalte
|
0-0: Ball 1-0: Fielders Choice at 2nd, U6 (Groundball, 4, EV 86.2 MPH)
|
| Top of the 5th over - 1 run, 2 hits, 0 errors, 1 left on base; Los Angeles 2 - Washington 0 |
| BOTTOM OF THE 5TH |
|
Washington Nationals batting - Pitching for Los Angeles Dodgers : RHP Gyu-hyun Kim
|
|
Batting: SHB Tze-meng Gan
|
0-0: Ball 1-0: Ball 2-0: Foul Ball, location: 2F 2-1: Called Strike 2-2: Ball 3-2: Base on Balls
|
|
Batting: LHB Bob Melley
|
0-0: Ball 1-0: Called Strike 1-1: Called Strike 1-2: Ball 2-2: Fly out, F9 (Flyball, 89M, EV 92.5 MPH)
|
|
Batting: RHB Dan Fallon
|
0-0: Ball 1-0: Called Strike 1-1: Ball 2-1: Ball 3-1: Swinging Strike 3-2: Foul Ball, location: 2F 3-2: Foul Ball, location: 2F 3-2: Strikes out swinging Tze-meng Gan steals 2nd base Batter strikes out.
|
|
Batting: RHB Darren McCarty Jr.
|
0-0: Ground out 4-3 (Groundball, 4, EV 80.0 MPH)
|
| Bottom of the 5th over - 0 runs, 0 hits, 0 errors, 1 left on base; Los Angeles 2 - Washington 0 |
| TOP OF THE 6TH |
|
Los Angeles Dodgers batting - Pitching for Washington Nationals : RHP Chad Mangum
|
|
Batting: RHB Danny Dyer
|
0-0: Ball 1-0: Ball 2-0: Ball 3-0: Called Strike 3-1: Base on Balls
|
|
Batting: RHB Tim Nettles
|
0-0: Foul Ball, location: 2F 0-1: Ball 1-1: Ball 2-1: Foul Ball, location: 2F 2-2: Grounds into double play, 5-4-3 (Groundball, 56S, EV 78.1 MPH)
|
|
Batting: RHB Ben Mischnick
|
0-0: Swinging Strike 0-1: Swinging Strike 0-2: Foul Ball, location: 2F 0-2: Ball 1-2: Strikes out looking
|
| Top of the 6th over - 0 runs, 0 hits, 0 errors, 0 left on base; Los Angeles 2 - Washington 0 |
| BOTTOM OF THE 6TH |
|
Washington Nationals batting - Pitching for Los Angeles Dodgers : RHP Gyu-hyun Kim
|
|
Batting: LHB Bi-jun Chien
|
0-0: Ball 1-0: Called Strike 1-1: Ball 2-1: Ball 3-1: Base on Balls
|
|
Batting: RHB Dave Vargas
|
0-0: Swinging Strike 0-1: Foul Ball, location: 2F 0-2: Foul Ball, location: 2F 0-2: Ball 1-2: Strikes out swinging
|
|
Batting: LHB Seth Cook
|
0-0: Called Strike 0-1: Swinging Strike 0-2: Ball 1-2: Foul Ball, location: 2F 1-2: SINGLE (Line Drive, 7S, EV 108.1 MPH) Bi-jun Chien to second
|
|
Batting: RHB John Sanders
|
0-0: Ball Bi-jun Chien steals 3rd base Seth Cook to second 1-0: Foul Ball, location: 2F 1-1: Fly out, F8 (Flyball, 78D, EV 103.1 MPH)
|
|
Batting: LHB Jeff Luvisi
|
0-0: DOUBLE (Flyball, 78D, EV 101.2 MPH) Bi-jun Chien scores Seth Cook scores
|
|
Batting: SHB Tze-meng Gan
|
0-0: Called Strike 0-1: Ball 1-1: Ball 2-1: Ball 3-1: Foul Ball, location: 2F 3-2: Base on Balls
|
|
Batting: LHB Bob Melley
|
0-0: Called Strike 0-1: Called Strike 0-2: Ball 1-2: Ground out 4-3 (Groundball, 34, EV 86.2 MPH)
|
| Bottom of the 6th over - 2 runs, 2 hits, 0 errors, 2 left on base; Los Angeles 2 - Washington 2 |
| TOP OF THE 7TH |
|
Los Angeles Dodgers batting - Pitching for Washington Nationals : RHP Chad Mangum
|
|
Batting: RHB Leonardo Nava
|
0-0: Ball 1-0: Ball 2-0: Called Strike 2-1: Fly out, F8 (Flyball, 8RD, EV 88.1 MPH)
|
|
Batting: SHB Joel Baker
|
0-0: Called Strike 0-1: Ground out 4-3 (Groundball, 34, EV 108.1 MPH)
|
|
Batting: RHB Tsutomu Irie
|
0-0: Ground out 6-3 (Groundball, 56, EV 96.9 MPH)
|
| Top of the 7th over - 0 runs, 0 hits, 0 errors, 0 left on base; Los Angeles 2 - Washington 2 |
| BOTTOM OF THE 7TH |
|
Washington Nationals batting - Pitching for Los Angeles Dodgers : RHP Gyu-hyun Kim
|
|
Pitching: RHP Joon-ho Rhee
|
|
|
Batting: RHB Dan Fallon
|
0-0: Foul Ball, location: 2F 0-1: Swinging Strike 0-2: Ball 1-2: Foul Ball, location: 2F 1-2: Strikes out swinging
|
|
Batting: RHB Darren McCarty Jr.
|
0-0: Ball 1-0: Called Strike 1-1: Called Strike 1-2: Strikes out swinging
|
|
Batting: LHB Bi-jun Chien
|
0-0: Fly out, F8 (Flyball, 78M, EV 96.9 MPH)
|
| Bottom of the 7th over - 0 runs, 0 hits, 0 errors, 0 left on base; Los Angeles 2 - Washington 2 |
| TOP OF THE 8TH |
|
Los Angeles Dodgers batting - Pitching for Washington Nationals : RHP Chad Mangum
|
|
Batting: SHB Shane Marcum
|
0-0: Ground out 3-1 (Groundball, 34S, EV 95.0 MPH)
|
|
Batting: LHB Juan Concepcion
|
0-0: Foul Ball, location: 2F 0-1: Ball 1-1: Ball 2-1: Swinging Strike 2-2: Ball 3-2: Fly out, F7 (Line Drive, 7, EV 90.0 MPH)
|
|
Batting: LHB Stephen Van Raalte
|
0-0: Foul Ball, location: 2F 0-1: Swinging Strike 0-2: Foul Ball, location: 2F 0-2: Ball 1-2: Ball 2-2: Ball 3-2: Foul Ball, location: 2F 3-2: Foul Ball, location: 2F 3-2: Base on Balls
|
|
Pitching: RHP Oleg Bahanov
|
|
|
Pinch Runner at 1st Clay Buchanan:
|
|
|
Pinch Hitting: LHB Lirak Bazhunaishvili
|
0-0: Called Strike 0-1: Ball 1-1: Swinging Strike 1-2: Strikes out looking
|
| Top of the 8th over - 0 runs, 0 hits, 0 errors, 1 left on base; Los Angeles 2 - Washington 2 |
| BOTTOM OF THE 8TH |
|
Washington Nationals batting - Pitching for Los Angeles Dodgers : RHP Joon-ho Rhee
|
|
Now at 1B: John Piccolo
|
|
|
Now in RF: Lirak Bazhunaishvili
|
|
|
Batting: RHB Dave Vargas
|
0-0: Ball 1-0: Foul Ball, location: 2F 1-1: Called Strike 1-2: Strikes out swinging
|
|
Batting: LHB Seth Cook
|
0-0: Ball 1-0: Foul Ball, location: 2F 1-1: Ground out 6-3 (Groundball, 6, EV 103.1 MPH)
|
|
Batting: RHB John Sanders
|
0-0: SINGLE (Line Drive, 3D, EV 106.9 MPH)
|
|
Batting: LHB Jeff Luvisi
|
0-0: Ball 1-0: Ball 2-0: Called Strike 2-1: Foul Ball, location: 2F 2-2: Strikes out swinging
|
| Bottom of the 8th over - 0 runs, 1 hit, 0 errors, 1 left on base; Los Angeles 2 - Washington 2 |
| TOP OF THE 9TH |
|
Los Angeles Dodgers batting - Pitching for Washington Nationals : RHP Oleg Bahanov
|
|
Batting: RHB Tim Nettles
|
0-0: Ball 1-0: Foul Ball, location: 2F 1-1: Swinging Strike 1-2: Ground out 6-3 (Groundball, 6, EV 86.2 MPH)
|
|
Batting: RHB Ben Mischnick
|
0-0: Called Strike 0-1: Ball 1-1: Ball 2-1: Foul Ball, location: 2F 2-2: Strikes out swinging
|
|
Batting: RHB Leonardo Nava
|
0-0: Foul Ball, location: 2F 0-1: Ball 1-1: Ball 2-1: Ball 3-1: Foul Ball, location: 2F 3-2: Base on Balls
|
|
Batting: SHB Joel Baker
|
0-0: Called Strike 0-1: Ball Leonardo Nava steals 2nd, throwing error, E2 Leonardo Nava to third 1-1: Intentional Walk
|
|
Batting: RHB Tsutomu Irie
|
0-0: Called Strike 0-1: Called Strike 0-2: Ball 1-2: Strikes out swinging
|
| Top of the 9th over - 0 runs, 0 hits, 1 error, 2 left on base; Los Angeles 2 - Washington 2 |
| BOTTOM OF THE 9TH |
|
Washington Nationals batting - Pitching for Los Angeles Dodgers : RHP Joon-ho Rhee
|
|
Pitching: RHP Jon Harris
|
|
|
Batting: SHB Tze-meng Gan
|
0-0: Ball 1-0: Foul Ball, location: 2F 1-1: Called Strike 1-2: SINGLE (Line Drive, 34D, EV 95.6 MPH)
|
|
Batting: LHB Bob Melley
|
0-0: Ball 1-0: Called Strike 1-1: Ball 2-1: Fielders Choice at 2nd, 2-4 (Groundball, 15S, EV 72.5 MPH)
|
|
Pinch Hitting: LHB Alexis Cantu
|
0-0: Ball 1-0: 2-RUN HOME RUN (Flyball, 9LD, EV 96.2 MPH), Distance : 345 ft
|
| Bottom of the 9th over - 2 runs, 2 hits, 0 errors, 0 left on base; Los Angeles 2 - Washington 4 |
|